[Event "Titled Tuesday Blitz October 31 Late 2023"]
[White "Tatarinov, Dmitry"]
[Black "Kovalevsky, Stanislav"]
[WhiteFideId "24160067"]
[BlackFideId "13508598"]
[WhiteElo "2735"]
[BlackElo "2419"]
[Result "1-0"]
[Round "1"]
[TimeControl "180+1"]
[Date "2023.10.31"]
[WhiteClock "0:01:20"]
[BlackClock "0:00:11"]
[Board "67"]

1. Nf3 d5 2. c4 c6 3. e3 Nf6 4. d4 Bg4 5. Qb3 Qc7 6. Ne5 Bf5 7. cxd5 Nxd5 8. Nc3 Nxc3 9. bxc3 e6 10. g4 Be4 11. f3 Bg6 12. h4 f6 13. Qxe6+ Be7 14. Nxg6 Qg3+ 15. Ke2 hxg6 16. Qc8+ Bd8 17. Qxb7 Rxh4 18. Rxh4 Qxh4 19. Qxa8 Qh2+ 20. Kd3 c5 21. Qe4+ Kf8 22. Ba3 Be7 23. Bxc5 Bxc5 24. dxc5 Nd7 25. Qd4 Ne5+ 26. Ke4 g5 27. Bc4 Qh7+ 28. Kd5 Qg8+ 29. Kd6 Nxc4+ 30. Kc7 Qf7+ 31. Qd7 Qg6 32. Qc8+ Kf7 33. Qf5 Qh6 34. Rd1 Ne5 35. Rd7+ Nxd7 36. Kxd7 Kg8 37. c6 Qh2 38. c4 Qd2+ 39. Qd5+ Qxd5+ 40. cxd5 1-0


[Site "https://www.chess.com"]

[Event "Titled Tuesday Blitz October 31 Late 2023"]
[White "ChessLebaneseSalah"]
[Black "Schnaider, Ilan"]
[BlackFideId "169013"]
[WhiteElo "2417"]
[BlackElo "2734"]
[Result "0-1"]
[Round "1"]
[TimeControl "180+1"]
[Date "2023.10.31"]
[WhiteClock "0:00:00"]
[BlackClock "0:00:07"]
[Board "68"]

1. e4 c5 2. Nf3 d6 3. d4 cxd4 4. Nxd4 Nf6 5. Nc3 a6 6. f3 e5 7. Nb3 Be7 8. Be3 Be6 9. Qd2 h5 10. Nd5 Nxd5 11. exd5 Bf5 12. Bd3 Bxd3 13. Qxd3 Nd7 14. O-O O-O 15. c4 f5 16. Rac1 b6 17. a4 a5 18. Nd2 Nc5 19. Qc2 Rc8 20. Nb1 Na6 21. Qb3 Nc5 22. Qc2 Bg5 23. Bxg5 Qxg5 24. Nc3 h4 25. Kh1 Rf6 26. f4 exf4 27. Ne2 Ne4 28. Nxf4 Rh6 29. Nh3 Qh5 30. Rf3 Rf6 31. Rcf1 Re8 32. b3 Nc5 33. Nf4 Qg4 34. h3 Qg5 35. Qf2 Ne4 36. Qc2 Ng3+ 37. Rxg3 hxg3 38. Ne6 Qh5 39. Qc3 Qh4 40. Qf3 g6 41. Qe2 Kf7 42. Qf3 Rh8 43. Qe3 Re8 44. Re1 Kg8 45. Qxb6 f4 46. Qc6 Re7 47. Qc8+ Kh7 48. Qd8 Ref7 0-1


[Site "https://www.chess.com"]

[Event "Titled Tuesday Blitz October 31 Late 2023"]
[White "Gedajlovic, Max"]
[Black "Todorovic, Bojan"]
[WhiteFideId "2616840"]
[BlackFideId "917087"]
[WhiteElo "2734"]
[BlackElo "2414"]
[Result "1-0"]
[Round "1"]
[TimeControl "180+1"]
[Date "2023.10.31"]
[WhiteClock "0:00:46"]
[BlackClock "0:00:01"]
[Board "69"]

1. d4 g6 2. c4 Bg7 3. Nc3 d6 4. e4 Nf6 5. h3 O-O 6. Be3 Nc6 7. Nge2 a6 8. Qd2 Rb8 9. d5 Ne5 10. Nc1 c6 11. f4 Ned7 12. Be2 cxd5 13. cxd5 b5 14. a3 Nb6 15. O-O Qc7 16. Bd4 Nc4 17. Bxc4 Qxc4 18. Re1 Bb7 19. b3 Qc7 20. Nd3 Nd7 21. Bxg7 Kxg7 22. Rac1 Qb6+ 23. Qf2 Rfc8 24. Ne2 Qxf2+ 25. Kxf2 a5 26. Nd4 Nf6 27. Ke3 Ba8 28. Rxc8 Rxc8 29. Rc1 Rb8 30. Rc7 Kf8 31. Ra7 Bxd5 32. exd5 Nxd5+ 33. Kd2 b4 34. Rxa5 Nc3 35. Nxb4 1-0


[Site "https://www.chess.com"]

[Event "Titled Tuesday Blitz October 31 Late 2023"]
[White "Rodrigues, Bruno Morado"]
[Black "Korchmar, Vasiliy"]
[WhiteFideId "2115654"]
[BlackFideId "24131750"]
[WhiteElo "2412"]
[BlackElo "2733"]
[Result "0-1"]
[Round "1"]
[TimeControl "180+1"]
[Date "2023.10.31"]
[WhiteClock "0:00:21"]
[BlackClock "0:00:11"]
[Board "70"]

1. d4 Nf6 2. Nc3 d5 3. Bg5 Nbd7 4. Qd3 c5 5. dxc5 Nxc5 6. Qb5+ Ncd7 7. Bxf6 exf6 8. Nxd5 Bd6 9. O-O-O O-O 10. e3 Ne5 11. Nf3 Bf5 12. Nh4 Be6 13. Nxf6+ gxf6 14. f4 Ng6 15. f5 Bd7 16. Qd3 Nxh4 17. Qxd6 Nxf5 18. Qxd7 Nxe3 19. Qxd8 Raxd8 20. Rxd8 Rxd8 21. Bd3 Kf8 22. g3 h5 23. Re1 Ng4 24. h3 Ne5 25. Bf5 Rd4 26. Rd1 Ra4 27. a3 h4 28. gxh4 Rxh4 29. Rd8+ Kg7 30. b3 Rf4 31. Bc8 Rf1+ 32. Kd2 b6 33. c4 f5 34. Rd5 Kf6 35. c5 bxc5 36. Rxc5 f4 37. Rc1 Rf2+ 38. Kc3 Rf3+ 39. Kb4 Nd3+ 40. Ka4 Nxc1 41. b4 Re3 42. b5 Nd3 43. b6 axb6 44. Kb5 f3 45. a4 f2 46. Kxb6 f1=Q 47. a5 Qb1+ 48. Ka6 Nc5+ 49. Ka7 Ra3 50. a6 Nxa6 51. Bxa6 Qb5 52. Ka8 Rxa6# 0-1


[Site "https://www.chess.com"]

[Event "Titled Tuesday Blitz October 31 Late 2023"]
[White "Darini, Pouria"]
[Black "Rodriguez, Santiago"]
[WhiteFideId "12502200"]
[BlackFideId "3000591"]
[WhiteElo "2729"]
[BlackElo "2410"]
[Result "1-0"]
[Round "1"]
[TimeControl "180+1"]
[Date "2023.10.31"]
[WhiteClock "0:00:06"]
[BlackClock "0:00:00"]
[Board "71"]

1. d4 Nf6 2. Bg5 c5 3. dxc5 Qa5+ 4. Qd2 Qxc5 5. Nc3 Nc6 6. e4 e6 7. Nf3 a6 8. Bd3 h6 9. Be3 Qa5 10. h3 b5 11. O-O b4 12. Ne2 Bb7 13. Ng3 Ne5 14. Nxe5 Qxe5 15. c4 bxc3 16. bxc3 Bxe4 17. Bd4 Qd5 18. Nxe4 Nxe4 19. Qe3 Nc5 20. Be2 Rc8 21. Rab1 Be7 22. c4 Qg5 23. f4 Qh4 24. Bg4 O-O 25. g3 Qf6 26. Bxf6 Bxf6 27. Kg2 Rfd8 28. Be2 d5 29. cxd5 exd5 30. Rfd1 d4 31. Qf3 Re8 32. Bf1 Re3 33. Qd5 Ne4 34. Rbc1 Rxg3+ 35. Kh2 Re8 36. Bg2 Re3 37. Re1 Nc3 38. Rxe3 Rxe3 39. Qa8+ Kh7 40. Rc2 g5 41. fxg5 Be5+ 42. Kg1 hxg5 43. Rf2 Re1+ 44. Rf1 Ne2+ 45. Kf2 Bg3+ 46. Kf3 d3 47. Rxe1 Bxe1 48. Qe4+ Kh6 49. Qxd3 Ng1+ 50. Kg4 1-0


[Site "https://www.chess.com"]

[Event "Titled Tuesday Blitz October 31 Late 2023"]
[White "Davidson, Kevin"]
[Black "Harikrishnan.A.Ra"]
[WhiteFideId "2056810"]
[BlackFideId "5081483"]
[WhiteElo "2409"]
[BlackElo "2728"]
[Result "0-1"]
[Round "1"]
[TimeControl "180+1"]
[Date "2023.10.31"]
[WhiteClock "0:00:04"]
[BlackClock "0:00:23"]
[Board "72"]

1. e4 c6 2. d4 d5 3. e5 Bf5 4. h4 Qc8 5. Be3 h5 6. Nd2 e6 7. Nb3 Nd7 8. Nf3 Nh6 9. Be2 Ng4 10. Bf4 c5 11. c3 cxd4 12. cxd4 Bb4+ 13. Bd2 Be7 14. Rc1 Qd8 15. a3 O-O 16. Bb4 Bxb4+ 17. axb4 Qe7 18. Qd2 Be4 19. Ng5 f6 20. Nxe4 dxe4 21. f3 e3 22. Qc3 Nh6 23. Nc5 fxe5 24. dxe5 Nf5 25. Bc4 Nxc5 26. bxc5 Rad8 27. g4 Nxh4 28. gxh5 Nxf3+ 29. Ke2 Rd2+ 30. Kxe3 Qg5+ 31. Ke4 Qf4# 0-1


[Site "https://www.chess.com"]

[Event "Titled Tuesday Blitz October 31 Late 2023"]
[White "Maximov, Dmitry"]
[Black "Pinto, Daniel"]
[WhiteFideId "14105659"]
[BlackFideId "3303144"]
[WhiteElo "2723"]
[BlackElo "2409"]
[Result "1-0"]
[Round "1"]
[TimeControl "180+1"]
[Date "2023.10.31"]
[WhiteClock "0:00:26"]
[BlackClock "0:00:00"]
[Board "73"]

1. e4 e5 2. Nf3 Nc6 3. Bb5 Nf6 4. O-O Nxe4 5. Re1 Nd6 6. Bf1 Be7 7. Nc3 e4 8. Nxe4 Nxe4 9. Rxe4 d5 10. Re1 O-O 11. h3 Bf6 12. d4 Ne7 13. c3 c6 14. Bf4 Ng6 15. Bg3 Bf5 16. a4 Qd7 17. a5 Rfe8 18. Qb3 h5 19. Qb4 h4 20. Bh2 Be4 21. Nd2 Bg5 22. Nxe4 dxe4 23. Rad1 e3 24. fxe3 Bxe3+ 25. Kh1 Bf4 26. Bg1 Bg3 27. Rxe8+ Rxe8 28. d5 Nf4 29. Bxa7 Nh5 30. Qg4 Qxg4 31. hxg4 Nf6 32. dxc6 bxc6 33. g5 Ne4 34. Kg1 Nxg5 35. Bb6 Rb8 36. Bc4 Ne4 37. Rd7 Kh7 38. Rxf7 Ng5 39. Bd3+ Kh6 40. Re7 Rf8 41. Be3 Kh5 42. Be2+ Kg6 43. a6 1-0


[Site "https://www.chess.com"]

[Event "Titled Tuesday Blitz October 31 Late 2023"]
[White "Su, Dion"]
[Black "Martinez Ramirez, Lennis"]
[WhiteFideId "2029731"]
[BlackFideId "3509079"]
[WhiteElo "2408"]
[BlackElo "2721"]
[Result "1-0"]
[Round "1"]
[TimeControl "180+1"]
[Date "2023.10.31"]
[WhiteClock "0:00:07"]
[BlackClock "0:01:37"]
[Board "74"]

1. e4 c5 2. Nf3 Nc6 3. d4 cxd4 4. Nxd4 Nf6 5. Nc3 d6 6. f3 Bd7 7. Be3 a6 8. Qd2 e6 9. O-O-O Rc8 10. g4 Ne5 11. h3 Nc4 12. Bxc4 Rxc4 13. Nb3 Be7 14. Qd3 b5 15. h4 Qc7 16. Kb1 O-O 17. h5 Rc8 18. g5 Ne8 19. g6 b4 20. gxf7+ Kxf7 21. Ne2 Rxc2 22. Ned4 Rc4 23. e5 dxe5 24. Ne2 e4 25. Qxd7 exf3 26. Rhf1 Qxd7 27. Rxd7 Nf6 28. Rxf3 Ke8 29. Ra7 Rh4 30. h6 Rh1+ 31. Nec1 g5 32. Bxg5 Rc6 33. Bxf6 Bf8 34. Ra8+ Kd7 35. Rxf8 a5 36. Rd3+ Kc7 37. Rf7+ Kb6 38. Bd8+ Ka6 39. Bxa5 e5 40. Bxb4 e4 41. Re3 Rc4 42. Bc3 Rxh6 43. Re7 Rh4 44. a3 Kb5 45. Nd2 Rc8 46. R7xe4 Rh2 47. Rb4+ Ka6 48. Re6+ Ka7 49. Ncb3 Rd8 50. Re7+ Ka6 51. Nc4 Rh5 52. Rb6# 1-0


[Site "https://www.chess.com"]

[Event "Titled Tuesday Blitz October 31 Late 2023"]
[White "Gubajdullin, Alexei"]
[Black "hristos03"]
[WhiteFideId "4141202"]
[WhiteElo "2720"]
[BlackElo "2408"]
[Result "1-0"]
[Round "1"]
[TimeControl "180+1"]
[Date "2023.10.31"]
[WhiteClock "0:01:26"]
[BlackClock "0:00:00"]
[Board "75"]

1. d4 Nf6 2. Nf3 e6 3. Bf4 c5 4. e3 Be7 5. h3 O-O 6. Be2 b6 7. O-O Bb7 8. c3 Nc6 9. Bh2 Re8 10. a4 Bf8 11. Na3 d6 12. Nc4 d5 13. Nce5 a6 14. Nxc6 Bxc6 15. a5 b5 16. dxc5 Bxc5 17. Ne5 Bb7 18. Nd3 Bd6 19. Bxd6 Qxd6 20. Bf3 e5 21. Nb4 Rad8 22. Qb3 e4 23. Be2 Nd7 24. Rad1 Ne5 25. Rd2 Qc7 26. Rfd1 Qxa5 27. Nxd5 Bxd5 28. Rxd5 Qc7 29. R1d4 Nc6 30. Rxd8 Nxd8 31. Qd5 Nc6 32. Rxe4 Rd8 33. Qc5 g6 34. Rd4 Rc8 35. Rd6 Qb7 36. Bf3 1-0


[Site "https://www.chess.com"]

[Event "Titled Tuesday Blitz October 31 Late 2023"]
[White "La Villa Rivas, Marlon Javier"]
[Black "Djokic, Mihailo"]
[WhiteFideId "3519546"]
[BlackFideId "976440"]
[WhiteElo "2406"]
[BlackElo "2719"]
[Result "0-1"]
[Round "1"]
[TimeControl "180+1"]
[Date "2023.10.31"]
[WhiteClock "0:01:37"]
[BlackClock "0:01:21"]
[Board "76"]

1. e4 c5 2. Nf3 d6 3. d4 cxd4 4. Nxd4 Nf6 5. Nc3 g6 6. Be3 Bg7 7. f3 O-O 8. Qd2 Nc6 9. Bc4 Bd7 10. h4 Rc8 11. Bb3 h5 12. O-O-O Ne5 13. Bg5 Rc5 14. g4 hxg4 15. h5 Nxh5 16. Rxh5 gxh5 17. Nd5 Rxd5 18. Bxd5 Qb6 19. c3 e6 20. Bb3 Rc8 21. f4 Nc4 22. Bxc4 Rxc4 23. Nc2 Rxe4 24. f5 exf5 25. Bh6 Bf6 26. Qh2 h4 27. Rxd6 Be5 28. Qd2 Qg1+ 29. Qd1 Qxd1+ 30. Rxd1 Bc6 0-1


[Site "https://www.chess.com"]

[Event "Titled Tuesday Blitz October 31 Late 2023"]
[White "BardArtem"]
[Black "Ankerst, Mihael"]
[BlackFideId "14602369"]
[WhiteElo "2718"]
[BlackElo "2405"]
[Result "0-1"]
[Round "1"]
[TimeControl "180+1"]
[Date "2023.10.31"]
[WhiteClock "0:00:01"]
[BlackClock "0:00:26"]
[Board "77"]

1. e4 c5 2. c3 Nf6 3. e5 Nd5 4. Nf3 Nc6 5. Bc4 Nb6 6. Bb3 c4 7. Bc2 Qc7 8. O-O Nxe5 9. Nxe5 Qxe5 10. a4 Qc7 11. a5 Nd5 12. d3 cxd3 13. Qxd3 e6 14. Re1 Be7 15. Na3 Qxa5 16. b4 Qb6 17. Nc4 Qc7 18. b5 b6 19. Ne3 Nf4 20. Qd1 O-O 21. g3 Ng6 22. h4 Bb7 23. h5 Ne5 24. h6 Nf3+ 25. Kf1 Qxc3 26. hxg7 Rfc8 27. Re2 Qxa1 28. Qd3 f5 29. Qd1 Be4 30. Nxf5 exf5 31. Bxe4 Rxc1 32. Bd5+ Kxg7 0-1


[Site "https://www.chess.com"]

[Event "Titled Tuesday Blitz October 31 Late 2023"]
[White "Lopez Idarraga, Daniel Eduardo"]
[Black "Burke, Carol Ann"]
[WhiteFideId "4405501"]
[BlackFideId "11104643"]
[WhiteElo "2401"]
[BlackElo "2718"]
[Result "1-0"]
[Round "1"]
[TimeControl "180+1"]
[Date "2023.10.31"]
[WhiteClock "0:00:35"]
[BlackClock "0:00:03"]
[Board "78"]

1. d4 Nf6 2. c4 g6 3. f3 c5 4. d5 e6 5. e4 exd5 6. cxd5 d6 7. Nc3 Bg7 8. Bb5+ Nbd7 9. Nge2 O-O 10. O-O a6 11. Bxd7 Bxd7 12. a4 Qc7 13. Bf4 Nh5 14. Be3 b5 15. axb5 axb5 16. Qd2 b4 17. Rxa8 Rxa8 18. Nd1 Bb5 19. Nf2 Ra2 20. Rb1 Qa5 21. Nf4 Ra1 22. Qc1 Rxb1 23. Qxb1 Nf6 24. b3 Nd7 25. N4d3 Qa6 26. h3 Ne5 27. Nxe5 Bxe5 28. Bc1 Bc3 29. Bb2 c4 30. bxc4 Bxc4 31. Bxc3 bxc3 32. Qc1 Qa5 33. Nd1 Qc5+ 34. Kh2 Bb3 35. Nxc3 Qd4 36. Nb5 Qb4 37. Qc8+ Kg7 38. Nc7 Bd1 39. Ne8+ Kh6 40. Qc1+ 1-0


[Site "https://www.chess.com"]

[Event "Titled Tuesday Blitz October 31 Late 2023"]
[White "Krallis, Christos"]
[Black "Novikova, Galina"]
[WhiteFideId "4298896"]
[BlackFideId "4157095"]
[WhiteElo "2712"]
[BlackElo "2401"]
[Result "1-0"]
[Round "1"]
[TimeControl "180+1"]
[Date "2023.10.31"]
[WhiteClock "0:00:08"]
[BlackClock "0:00:00"]
[Board "79"]

1. d4 Nf6 2. Bf4 g6 3. Nc3 d6 4. Qd2 Bg7 5. O-O-O c6 6. Bh6 O-O 7. Bxg7 Kxg7 8. e4 b5 9. f3 a5 10. g4 a4 11. h4 b4 12. Nce2 b3 13. cxb3 axb3 14. a3 Qa5 15. Nc3 h5 16. g5 Nfd7 17. f4 Nb6 18. f5 Na4 19. Nxa4 Qxa4 20. f6+ exf6 21. gxf6+ Kh7 22. Nf3 Bg4 23. Ng5+ Kg8 24. Be2 Bxe2 25. Qxe2 c5 26. dxc5 Qc6 27. Kb1 Qxc5 28. Rhg1 Nc6 29. Rc1 Nd4 30. Qe3 Qe5 31. Nf3 Nxf3 32. Qxf3 Rfe8 33. Qxb3 Qxf6 34. Rcf1 Qe6 35. Qc3 Qxe4+ 36. Ka1 Qe5 37. Qb3 Qe6 38. Qc3 Reb8 39. Rf6 Qe5 40. Qxe5 dxe5 41. Re1 Rb5 42. Ref1 Ra7 43. Rc6 Rab7 44. Rc2 Kg7 45. b4 f5 46. Kb2 e4 47. Kb3 Rd5 48. a4 Rd3+ 49. Rc3 Rd2 50. b5 Kf6 51. Rc6+ Ke5 52. Rxg6 f4 53. Rg5+ Kd4 54. a5 Rc7 55. b6 Rc3+ 56. Ka4 Ra2+ 57. Kb5 Rb2+ 58. Ka6 f3 59. Rb5 Ra2 60. b7 Rca3 61. b8=Q Ke3 62. Qb6+ Kf4 63. Qh6+ Kg3 64. Qg5+ Kh3 65. Rh1+ Rh2 66. Qf5+ Kg3 67. Qe5+ 1-0


[Site "https://www.chess.com"]

[Event "Titled Tuesday Blitz October 31 Late 2023"]
[White "Lebedev, Artem S."]
[Black "Erenberg, Ariel"]
[WhiteFideId "34272747"]
[BlackFideId "2811634"]
[WhiteElo "2400"]
[BlackElo "2712"]
[Result "0-1"]
[Round "1"]
[TimeControl "180+1"]
[Date "2023.10.31"]
[WhiteClock "0:00:03"]
[BlackClock "0:01:08"]
[Board "80"]

1. e4 c5 2. Nf3 Nc6 3. d4 cxd4 4. Nxd4 Nf6 5. Nc3 e5 6. Ndb5 d6 7. Bg5 a6 8. Na3 b5 9. Nd5 Be7 10. Bxf6 Bxf6 11. c4 b4 12. Nc2 a5 13. g3 O-O 14. h4 Be6 15. Bh3 Qb8 16. b3 Bd8 17. Kf1 Qa7 18. Kg2 Bxd5 19. Qxd5 Nd4 20. Nxd4 exd4 21. Qxd6 Bb6 22. Qd7 Qb8 23. Rad1 Rd8 24. Qb5 Qc7 25. Bg4 Bc5 26. Rd3 a4 27. Re1 Ra5 28. bxa4 Rxb5 29. axb5 Ra8 30. Re2 Ra3 31. Rxa3 bxa3 32. e5 Bb4 33. Bf5 Qxc4 34. Rc2 Qd5+ 35. f3 g6 36. Be4 Qxb5 37. h5 Kg7 38. hxg6 hxg6 39. e6 fxe6 40. Rc7+ Kf6 41. g4 Qe2+ 42. Kh3 Bd6 43. Rc2 d3 44. Rxe2 dxe2 45. f4 Bxf4 46. g5+ Kxg5 47. Bf3 e1=Q 48. Bg2 Qg3# 0-1


[Site "https://www.chess.com"]

[Event "Titled Tuesday Blitz October 31 Late 2023"]
[White "Rohan, Ahuja"]
[Black "Ahn, Hongjin"]
[WhiteFideId "5090598"]
[BlackFideId "13201492"]
[WhiteElo "2711"]
[BlackElo "2400"]
[Result "1-0"]
[Round "1"]
[TimeControl "180+1"]
[Date "2023.10.31"]
[WhiteClock "0:01:30"]
[BlackClock "0:01:53"]
[Board "81"]

1. Nf3 Nf6 2. g3 g6 3. Bg2 Bg7 4. d4 O-O 5. c4 d6 6. O-O Nc6 7. Nc3 Bf5 8. d5 Na5 9. Nd2 c5 10. e4 Bg4 11. Qc2 a6 12. h3 Bd7 13. b3 b5 14. Rb1 Rb8 15. Bb2 e5 16. dxe6 fxe6 17. cxb5 axb5 18. e5 dxe5 19. Nce4 Nxe4 20. Nxe4 c4 21. Rbd1 Qe7 22. Qd2 cxb3 23. Qxa5 1-0


[Site "https://www.chess.com"]

[Event "Titled Tuesday Blitz October 31 Late 2023"]
[White "Spichkin, Alexander"]
[Black "Hamitevici, Vladimir"]
[WhiteFideId "4144074"]
[BlackFideId "13902393"]
[WhiteElo "2400"]
[BlackElo "2710"]
[Result "0-1"]
[Round "1"]
[TimeControl "180+1"]
[Date "2023.10.31"]
[WhiteClock "0:00:49"]
[BlackClock "0:00:16"]
[Board "82"]

1. f4 d6 2. Nf3 g6 3. d3 Bg7 4. e4 Nf6 5. Be2 O-O 6. O-O c5 7. Nc3 Nc6 8. Qe1 Rb8 9. a4 a6 10. Qh4 b5 11. axb5 axb5 12. f5 b4 13. Nd1 Nd4 14. Nxd4 cxd4 15. Nf2 gxf5 16. Bh6 Bxh6 17. Qxh6 Kh8 18. Nh3 Rg8 19. Ng5 Qf8 20. Qxf8 Rxf8 21. exf5 b3 22. cxb3 Rxb3 23. Ra7 Nd5 24. Bf3 Ne3 25. Rb1 h6 26. Ne4 Nxf5 27. Ra8 Kg7 28. Bg4 Be6 29. Ra7 Rxd3 30. Rf1 Re3 31. Bxf5 Bxf5 32. Ng3 Bd3 33. Rd1 e5 34. Rd7 Bc2 35. Rd2 Bg6 36. Rxd6 Rc8 37. h4 Rxg3 38. Kf2 Rb3 39. g4 h5 40. Rd5 Re8 41. Re2 hxg4 42. Rdxe5 Rxe5 43. Rxe5 Rxb2+ 44. Kg3 f5 45. h5 Bxh5 46. Rxf5 Kg6 47. Rd5 Rd2 48. Kf4 d3 49. Rd6+ Kg7 50. Kg5 g3 51. Kxh5 g2 52. Rg6+ Kf7 53. Rg3 Re2 54. Rf3+ Ke7 55. Rxd3 g1=Q 56. Rh3 Rh2 57. Rh4 Qg3 58. Rxh2 Qxh2+ 59. Kg4 Qd6 0-1


[Site "https://www.chess.com"]

[Event "Titled Tuesday Blitz October 31 Late 2023"]
[White "Tokhirjonova, Gulrukhbegim"]
[Black "Kawuma, Patrick"]
[WhiteFideId "14203626"]
[BlackFideId "10000127"]
[WhiteElo "2709"]
[BlackElo "2400"]
[Result "1/2-1/2"]
[Round "1"]
[TimeControl "180+1"]
[Date "2023.10.31"]
[WhiteClock "0:00:07"]
[BlackClock "0:00:06"]
[Board "83"]

1. e4 c5 2. Nf3 Nc6 3. Bb5 d6 4. O-O Bd7 5. Re1 a6 6. Bf1 Nf6 7. Nc3 g6 8. e5 dxe5 9. Nxe5 Bg7 10. d3 O-O 11. Bf4 Nxe5 12. Bxe5 Bc6 13. Qd2 b5 14. a3 Qd7 15. Rad1 Rad8 16. h3 b4 17. axb4 cxb4 18. Nb1 a5 19. c3 Qb7 20. d4 Rd7 21. c4 Ne4 22. Qf4 f6 23. d5 Ba4 24. Rc1 Nc5 25. Bd4 Nb3 26. Rcd1 Nxd4 27. Rxd4 f5 28. Rd2 Rfd8 29. g3 Bf6 30. h4 Qb6 31. Re6 Rd6 32. Re3 Qc5 33. b3 Be8 34. Re1 Bf7 35. Rde2 a4 36. bxa4 b3 37. Nd2 b2 38. Rb1 Ra8 39. Nf3 Rxa4 40. Ne5 Bxe5 41. Qxe5 Rd7 42. Ree1 Rb4 43. Rxb2 Rxb2 44. Qxb2 Qa5 45. Qb8+ Rd8 46. Qe5 Re8 47. Rd1 Qa4 48. Be2 Qa2 49. c5 Rd8 50. d6 exd6 51. cxd6 Qa3 52. d7 Qa4 53. Bf3 Qa3 54. Kg2 Qf8 55. Qd6 Qxd6 56. Rxd6 Kf8 57. Bc6 Ke7 58. Rd2 Be6 59. Re2 Kd6 60. Ba4 Bxd7 61. Rd2+ Ke7 62. Bxd7 Rxd7 63. Re2+ Kf6 64. f3 Rf7 65. Ra2 h6 66. Kh3 Kg7 67. Ra6 Rf6 68. Ra7+ Rf7 69. Ra8 Rf8 70. Ra5 Rf7 71. Kg2 h5 72. Kf2 Re7 73. Ra6 Kf7 74. Kg2 Re5 75. Kh3 Re7 76. g4 fxg4+ 77. fxg4 Re3+ 78. Kg2 hxg4 79. Ra4 g3 80. Rg4 Kf6 81. Rxg3 Rxg3+ 82. Kxg3 Kf5 83. Kf3 g5 84. hxg5 Kxg5 1/2-1/2


[Site "https://www.chess.com"]

[Event "Titled Tuesday Blitz October 31 Late 2023"]
[White "Hoffmann, Asa"]
[Black "Pruijssers, Roeland"]
[WhiteFideId "2001470"]
[BlackFideId "1013068"]
[WhiteElo "2397"]
[BlackElo "2698"]
[Result "1-0"]
[Round "1"]
[TimeControl "180+1"]
[Date "2023.10.31"]
[WhiteClock "0:00:59"]
[BlackClock "0:00:00"]
[Board "84"]

1. d4 f5 2. Nc3 Nf6 3. Bg5 d5 4. f3 Nc6 5. e4 fxe4 6. fxe4 Nxe4 7. Nxe4 dxe4 8. c3 Qd5 9. Bf4 e5 10. dxe5 Be6 11. Qxd5 Bxd5 12. Ne2 Bc5 13. Ng3 O-O 14. O-O-O Rxf4 15. Rxd5 Bb6 16. Bc4 Kh8 17. Rhd1 Re8 18. e6 e3 19. Ne2 Rf2 20. b4 a6 21. a4 Rxg2 22. a5 Ba7 23. Rd7 Bb8 24. Bd5 Rxe2 25. Bxc6 Rd2 26. R1xd2 exd2+ 27. Kxd2 bxc6 28. e7 Kg8 29. Kd3 Kf7 30. Kc4 Rxe7 31. Rd8 Re8 32. Rd7+ Kf6 33. Kc5 Re5+ 34. Kxc6 Re3 35. c4 Rb3 36. b5 Ra3 37. Kb7 Rxa5 38. Kxb8 axb5 39. c5 c6 40. Kb7 b4 41. Kxc6 b3 42. Rb7 Ra2 43. Kd7 Rxh2 44. c6 Rd2+ 45. Kc8 b2 46. c7 Rc2 47. Kb8 h5 48. c8=Q Rxc8+ 49. Kxc8 h4 50. Rxb2 g5 51. Kd7 g4 52. Kd6 g3 53. Kd5 Kf5 54. Rb8 1-0


[Site "https://www.chess.com"]

[Event "Titled Tuesday Blitz October 31 Late 2023"]
[White "Leiva, Gianmarco"]
[Black "Guha, Eshan"]
[WhiteFideId "3804399"]
[BlackFideId "30958628"]
[WhiteElo "2695"]
[BlackElo "2397"]
[Result "1-0"]
[Round "1"]
[TimeControl "180+1"]
[Date "2023.10.31"]
[WhiteClock "0:00:20"]
[BlackClock "0:00:00"]
[Board "85"]

1. d4 Nf6 2. Nf3 c5 3. d5 b5 4. Bg5 g6 5. Bxf6 exf6 6. e4 Qa5+ 7. Nbd2 Bg7 8. a4 b4 9. Bd3 O-O 10. O-O Ba6 11. Re1 d6 12. Qe2 Bxd3 13. Qxd3 Nd7 14. Nc4 Qc7 15. a5 Rfe8 16. a6 Nb6 17. Nfd2 Bh6 18. Nb3 Nxc4 19. Qxc4 Qd7 20. Qd3 Re5 21. Na5 Ree8 22. h3 Bf8 23. Nc6 Kg7 24. c3 bxc3 25. bxc3 Rec8 26. Rab1 Rc7 27. c4 Re8 28. Qc3 Rxc6 29. dxc6 Qxc6 30. Qa1 Rxe4 31. Rxe4 Qxe4 32. Rb7 Qxc4 33. Rxa7 Qd5 34. Rc7 c4 35. a7 1-0


[Site "https://www.chess.com"]

[Event "Titled Tuesday Blitz October 31 Late 2023"]
[White "nicholas_ilic"]
[Black "Annaberdiyev, Meylis"]
[BlackFideId "14000563"]
[WhiteElo "2397"]
[BlackElo "2694"]
[Result "0-1"]
[Round "1"]
[TimeControl "180+1"]
[Date "2023.10.31"]
[WhiteClock "0:00:10"]
[BlackClock "0:00:04"]
[Board "86"]

1. e4 c5 2. b3 d6 3. Bb2 Nf6 4. Bb5+ Bd7 5. Bxd7+ Qxd7 6. Qe2 g6 7. Nc3 Bg7 8. f4 Nc6 9. Nf3 O-O 10. O-O Nd4 11. Nxd4 cxd4 12. Nd1 Qc6 13. Nf2 Nh5 14. Nd3 Rac8 15. Rac1 Nf6 16. Bxd4 Nxe4 17. Bxg7 Kxg7 18. f5 d5 19. Nf4 Kg8 20. d3 Qc5+ 21. Kh1 Nc3 22. Qg4 Qd6 23. Rce1 Kh8 24. Qh4 Kg8 25. Rxe7 Rce8 26. Rxe8 Rxe8 27. f6 d4 28. Nh3 Nd5 29. Ng5 h5 30. Ne4 Qe5 31. Qh3 Ne3 32. Qd7 Nxf1 33. Nd6 Qxh2# 0-1


[Site "https://www.chess.com"]

[Event "Titled Tuesday Blitz October 31 Late 2023"]
[White "Mendez Fortes, Eduardo Jesus"]
[Black "Gerbelli Neto, Eduardo"]
[WhiteFideId "3502376"]
[BlackFideId "2103281"]
[WhiteElo "2692"]
[BlackElo "2396"]
[Result "1-0"]
[Round "1"]
[TimeControl "180+1"]
[Date "2023.10.31"]
[WhiteClock "0:01:04"]
[BlackClock "0:00:03"]
[Board "87"]

1. e4 e5 2. Nf3 Nc6 3. Bb5 a6 4. Ba4 d6 5. c3 f5 6. exf5 Bxf5 7. O-O Bd3 8. Re1 Be7 9. Bc2 Bxc2 10. Qxc2 Nf6 11. d4 e4 12. Ng5 d5 13. f3 h6 14. Nh3 O-O 15. Nd2 exf3 16. Nxf3 Bd6 17. Nf4 Bxf4 18. Bxf4 Ne4 19. Be3 Ne7 20. c4 c6 21. c5 Ng6 22. Qb3 Rf7 23. Rf1 Qc7 24. Rae1 Raf8 25. Bc1 Kh7 26. Qd3 b6 27. cxb6 Qxb6 28. Kh1 Qb5 29. Qd1 Nh4 30. a4 Qc4 31. b3 Qc3 32. Nxh4 Qxe1 33. Rxe1 Nf2+ 34. Kg1 Nxd1 35. Rxd1 Rf2 36. Nf3 Rc2 37. Bd2 Re8 38. Kf1 c5 39. dxc5 Rxc5 40. Nd4 Re4 41. Be1 Re3 42. Bf2 Rec3 43. Ne2 Rc8 44. Nxc3 Rxc3 45. b4 Rb3 46. Bc5 Ra3 47. a5 1-0


[Site "https://www.chess.com"]

[Event "Titled Tuesday Blitz October 31 Late 2023"]
[White "Nikolova, Adriana"]
[Black "Zavgorodniy, Sergiy"]
[WhiteFideId "2908689"]
[BlackFideId "14110148"]
[WhiteElo "2394"]
[BlackElo "2684"]
[Result "1/2-1/2"]
[Round "1"]
[TimeControl "180+1"]
[Date "2023.10.31"]
[WhiteClock "0:01:44"]
[BlackClock "0:01:50"]
[Board "88"]

1. e4 c6 2. d4 d5 3. Nc3 dxe4 4. Nxe4 Bf5 5. Ng3 Bg6 6. Nf3 Nd7 7. h4 h6 8. Bd3 Bxd3 9. Qxd3 e6 10. Bd2 Ngf6 11. O-O-O Be7 12. Ne4 Nxe4 13. Qxe4 Nf6 14. Qe2 Qd5 15. Kb1 Qe4 16. Be3 Ng4 17. Nd2 Qf5 18. f3 Nxe3 19. Qxe3 O-O-O 20. Nc4 Bf6 21. Ne5 Bxe5 22. Qxe5 Qxe5 23. dxe5 Rd5 24. Rxd5 cxd5 25. c3 Kd7 26. Kc2 Rc8 27. Kd3 Ke7 28. g3 h5 29. Ke3 Rc4 30. Rd1 g6 31. Kd3 1/2-1/2


[Site "https://www.chess.com"]